 Dungeon Crawl Stone Soup version 0.30-a0-6-g7c9e10e132 (webtiles) character file.

Game seed: 1220912052526474332

331 Pilot the Ducker (level 6, -7/63 HPs)
             Began as a Troll Berserker on Aug 20, 2022.
             Was a Believer of Trog.
             Mangled by a black bear (10 damage)
             ... on level 4 of the Dungeon on Aug 22, 2022.
             The game lasted 00:21:30 (2432 turns).

Pilot the Ducker (Troll Berserker)                  Turns: 2432, Time: 00:21:32

Health: -7/63      AC:  4    Str: 26    XL:     6   Next: 26%
Magic:  5/5        EV: 11    Int:  3    God:    Trog [**....]
Gold:   249        SH:  0    Dex: 11    Spells: 5/5 levels left

rFire   . . .      SeeInvis .      - Unarmed
rCold   . . .      Faith    .    (no shield)
rNeg    . . .      Spirit   .    t - +0 robe {Archmagi}
rPois   .          Reflect  .    (helmet restricted)
rElec   .          Harm     .    (no cloak)
rCorr   .          Rampage  .    (gloves unavailable)
Will    ++...      Archmagi +    (boots unavailable)
Stlth   +.........               (no amulet)
HPRegen 2.00/turn                (no ring)
MPRegen 0.09/turn                (no ring)

@: strong-willed, regenerating
A: large, unfitting armour, claws 3, regeneration 1, shaggy fur 1, tough skin 1
a: Renounce Religion, Berserk, Trog's Hand


You were on level 4 of the Dungeon.
You worshipped Trog.
Trog was pleased with you.
You visited 1 branch of the dungeon, and saw 4 of its levels.

You collected 249 gold pieces.

Inventory:

Hand Weapons
 d - a +0 spear
 e - a +0 sling
 g - a +0 dagger
 o - a +0 whip
 r - a +0 short sword
 u - a +0 scythe
 y - a +0 lajatang
Missiles
 p - 17 stones (quivered)
 x - 2 javelins
Armour
 a - a +0 animal skin
 i - an orb of guile
 n - a +0 robe
 s - a +1 ring mail of cold resistance
 t - a +0 robe of the Archmagi (worn)
Scrolls
 b - 5 scrolls of magic mapping
 j - a scroll of identify {unknown}
 k - 2 scrolls of poison {unknown}
 l - a scroll of teleportation {unknown}
 m - a scroll of amnesia {unknown}
 v - a scroll of butterflies {unknown}
 w - a scroll of immolation {unknown}
Potions
 c - 3 potions of cancellation {unknown}
 f - a potion of heal wounds {unknown}
 h - a potion of invisibility {unknown}
 q - a potion of lignification {unknown}
 z - a potion of curing {unknown}
 A - a potion of might {unknown}
 B - a potion of attraction {unknown}


   Skills:
 * Level 4.4 Fighting
 * Level 4.5 Dodging
 - Level 3.0 Unarmed Combat


You had 5 spell levels left.
You didn't know any spells.
Your spell library was empty.

Dungeon Overview and Level Annotations

Branches:
Dungeon (4/15)
 Temple: D:4-7

Altars:
Cheibriados
Makhleb
Nemelex Xobeh
Yredelemnul

Shops:
D:3 (


Innate Abilities, Weirdness & Mutations

You are too large for most types of armour.
You have claws for hands.
Your natural rate of healing is unusually fast.
You are covered in fur. (AC +1)
You have tough skin. (AC +1)


Message History

The black bear is severely wounded.
The black bear goes berserk!
You scratch the black bear.
The black bear is severely wounded.
The black bear barely misses you. The black bear misses you.
The black bear barely misses you.
You barely miss the black bear.
The black bear is severely wounded.
The black bear bites you. The black bear barely misses you.
The black bear claws you.
You scratch the black bear.
The black bear is almost dead.
The black bear bites you! The black bear closely misses you.
The black bear barely misses you. The black bear bites you.
The black bear claws you. x2
The black bear bites you but does no damage.
The black bear claws you but does no damage.
The black bear claws you.
* * * LOW HITPOINT WARNING * * *
The black bear bites you.
* * * LOW HITPOINT WARNING * * *
The black bear claws you.
* * * LOW HITPOINT WARNING * * *
The black bear claws you but does no damage.
You claw the black bear!
The black bear is almost dead.
A hobgoblin comes into view.
The black bear bites you.
* * * LOW HITPOINT WARNING * * *
The black bear claws you.
* * * LOW HITPOINT WARNING * * *
The black bear claws you.
* * * LOW HITPOINT WARNING * * *
Your skin crawls.
You feel strong-willed. The black bear misses you. The black bear claws you.
* * * LOW HITPOINT WARNING * * *
The black bear claws you but does no damage.
The black bear bites you!
You die...

... ......###
..##.(...... #
g....>...###. #
#.#.......... #
#...........# #
######........... ######
#.....#..........
.....###.....#.h........
####...####..#..@.......
.#####.....†........##..
†..........#......#.....
###..###.#.#.##........#
##..####[..#.###......#.
.......#.....# #......#
#.............#.......
.............<.........
................ ..)..


You could see a black bear (berserk) and a hobgoblin (wandering).

Vanquished Creatures
  Sigmund (D:2)
  2 orc priests
  An iguana (D:4)
  3 adders
  A worm (D:3)
  A dart slug (D:4)
  5 orcs
  5 ball pythons
  2 bats
  3 endoplasms
  3 giant cockroaches
  4 goblins
  4 hobgoblins
  2 quokkas
  5 frilled lizards
  8 kobolds (D:2)
  3 rats
  A spectral orc (D:3)
54 creatures vanquished.

Vanquished Creatures (others)
  A fungus (D:2)
  A plant (D:2)
2 creatures vanquished.

Grand Total: 56 creatures vanquished

Notes
Turn   | Place    | Note
-------+----------+-------------------------------------------
     0 | D:1      | Pilot the Troll Berserker began the quest for the Orb.
     0 | D:1      | Reached XP level 1. HP: 22/22 MP: 0/0
   152 | D:1      | Upgraded the game from 0.30-a0-4-ga7cffc901d to
                  | 0.30-a0-6-g7c9e10e132
   658 | D:1      | Reached XP level 2. HP: 29/29 MP: 1/1
  1148 | D:2      | Found a faded altar of an unknown god.
  1187 | D:2      | Found Aluohikh's Weapon Shop.
  1192 | D:2      | Reached XP level 3. HP: 34/37 MP: 2/2
  1357 | D:2      | Reached ** piety under Trog
  1467 | D:2      | Noticed Sigmund
  1480 | D:2      | Killed Sigmund
  1481 | D:2      | Reached XP level 4. HP: 48/48 MP: 3/3
  1481 | D:2      | Reached XP level 5. HP: 54/54 MP: 4/4
  1600 | D:3      | Found a snail-covered altar of Cheibriados.
  1751 | D:3      | Found Raomih's Weapon Boutique.
  1825 | D:3      | Found a basalt altar of Yredelemnul.
  1923 | D:3      | Found a sparkling altar of Nemelex Xobeh.
  2044 | D:3      | Found a burning altar of Makhleb.
  2047 | D:3      | Noticed a green death
  2231 | D:4      | Reached XP level 6. HP: 61/63 MP: 5/5
  2431 | D:4      | HP: 3/63 [black bear (5)]
  2432 | D:4      | Mangled by a black bear

Illustrated notes

Levels and vault maps discovered:
D:1:      co_arrival_square_in_a_square_in_a_square, layout_loops_corners
D:2:      layout_rooms, serial_shops, shop,
          shapermc_ecumenical_altar_mp_ritualfount, minmay_goblin_kobold_house,
          uniq_sigmund
D:3:      layout_basic, nemelex_diamond_rough_becter, makhleb_altar_promises_db,
          yredelemnul_forgotten_temple_becter, slow_altar_1, serial_shops, shop,
          minmay_cut_off
D:4:      layout_rooms, nicolae_qazlal_scattered_showers,
          minmay_temple_entry_arrows

Skill      XL: |  1  2  3 |
---------------+----------+-----
Dodging        | 3 4 |  4.5
Fighting       | 3 4 |  4.4
Unarmed Combat | |  3.0

Action                   |  1- 3 |  4- 6 || total
-------------------------+-------+-------++-------
Melee: Unarmed           |    61 |    86 ||   147
       Punch             |     1 |     2 ||     3
Invok: Berserk           |     1 |       ||     1
       Trog's Hand       |       |     2 ||     2
  Use: Scroll            |     1 |       ||     1
 Stab: Sleeping          |       |     1 ||     1
Armor: Animal skin       |    15 |       ||    15
       Robe              |     5 |    42 ||    47
Dodge: Dodged            |    19 |    47 ||    66

Table legend: (Time is in decaauts)
 A = Elapsed time spent in this place.
 B = Non-inter-level travel time spent in this place.
 C = Inter-level travel time spent in this place.
 D = Time resting spent in this place.
 E = Time spent auto-exploring this place.
 F = Levels seen in this place.
 G = Mean time per level.
                   A        B        C        D        E       F      G
               +--------+--------+--------+--------+--------+-----+--------+
         Total |   2436 |    581 |   1855 |      0 |      0 |   4 |  609.0 |
       Dungeon |   2436 |    581 |   1855 |      0 |      0 |   4 |  609.0 |
               +--------+--------+--------+--------+--------+-----+--------+

Top non-repeatable levels by time:
     D:1: 980 daAuts
     D:3: 659 daAuts
     D:2: 612 daAuts
     D:4: 184 daAuts
